 Dungeon Crawl Stone Soup version 0.25-a0-308-geac79542e2 (webtiles) character file.

Game seed: 9876536081382853316, levelgen mode: deterministic

349 mopl the Cleaver (level 6, -10/51 HPs)
             Began as a Hill Orc Monk on Dec 21, 2019.
             Mangled by an ogre
             ... wielding a +0 giant spiked club
              (17 damage)
             ... on level 4 of the Dungeon.
             The game lasted 00:04:47 (3663 turns).

mopl the Cleaver (Hill Orc Monk)                    Turns: 3663, Time: 00:04:48

Health: -10/51     AC:  8    Str: 16    XL:     6   Next: 60%
Magic:  8/8        EV:  7    Int: 10    God:
Gold:   162        SH:  0    Dex: 13    Spells: 5/5 levels left

rFire    . . .     SeeInvis .   a - +1 hand axe
rCold    . . .     Gourm    .   (no shield)
rNeg     . . .     Faith    .   k - +0 chain mail
rPois    .         Spirit   .   (no helmet)
rElec    .         Reflect  .   (no cloak)
rCorr    .         Harm     .   (no gloves)
MR       .....                  (no boots)
Stlth    ..........             j - amulet of rage
HPRegen  0.17/turn              (no ring)
MPRegen  0.11/turn              (no ring)

@: lethally poisoned (-10 -> -15), berserk cooldown, slowed, very slow
A: no striking features
a: Evoke Berserk Rage


You were on level 4 of the Dungeon.
You were hungry.

You visited 1 branch of the dungeon, and saw 4 of its levels.

You collected 162 gold pieces.

Inventory:

Hand Weapons
 a - a +1 hand axe (weapon)
Missiles
 d - 5 javelins (quivered)
Armour
 k - a +0 chain mail (worn)
Jewellery
 g - an uncursed ring of ice
 j - an amulet of rage (around neck)
Scrolls
 b - 2 scrolls of identify {unknown}
 f - a scroll of remove curse
 h - a scroll of enchant armour {unknown}
 l - a scroll of fear {unknown}
 n - 3 scrolls of enchant weapon
 r - 2 scrolls of magic mapping
 s - a scroll of immolation {unknown}
 t - a scroll of noise {unknown}
 w - a scroll of fog {unknown}
 y - a scroll of teleportation {unknown}
Potions
 e - a potion of ambrosia {unknown}
 i - a potion of magic {unknown}
 m - a potion of agility {unknown}
 o - a potion of might {unknown}
 p - a potion of degeneration {unknown}
 q - 3 potions of curing {unknown}
 u - a potion of flight {unknown}
 v - a potion of haste {unknown}
 x - a potion of heal wounds {unknown}
 A - a potion of invisibility {unknown}
Comestibles
 c - 6 rations


   Skills:
 - Level 3.6 Fighting
 + Level 8.4 Axes
 - Level 2.4 Dodging
 - Level 1.5 Stealth
 - Level 3.0 Evocations


You had 5 spell levels left.
You didn't know any spells.
Your spell library was empty.

Dungeon Overview and Level Annotations

Branches:
Dungeon (4/15)
 Temple: D:4-7

Altars:
Okawaru
Ru
Uskayaw
Vehumet
Zin


Message History

You see here a scorpion corpse.
You feel a strong urge to attack something.
Found 14 gold pieces.
You feel sick.
You see here a scorpion corpse.
You feel your anger nearly subside.
You feel sick.
You are no longer berserk.
You pass out from exhaustion.
You feel yourself slow down.
You feel sick.
You feel sick. x3
You can move again.
You feel sick.
You feel sick.
You aren't carrying any items that you can evoke.
Unknown command.
As you read the scroll labeled HOVVIJ GONAOM, it crumbles to dust.
You feel blessed for a moment.
It was a scroll of remove curse.
You feel sick.
The ogre hits you with a +0 giant spiked club!
You die...

##...............
.................
#...............
#..............#
#.#....†......#
###..#.###### #.
#.##.## ...... ##.
##O....# .....
###..##.@....# ...>
##............# .#.##
.............# .#..#
#...........# ....
##...........##
..##.#.##......<......#
......................#
#############.######..#
#...........#.#.......#


You could see an ogre.

Vanquished Creatures
  A scorpion (D:4)
  A hound (D:3)
  An orc wizard (D:3)
  Terence (D:2)
  2 worker ants (D:4)
  2 gnolls (D:1)
  3 adders
  An ooze (D:3)
  2 worms
  7 dart slugs
  A leopard gecko (D:1)
  7 orcs
  11 giant cockroaches
  11 goblins
  9 hobgoblins
  4 jackals
  6 kobolds
  2 quokkas
  7 bats
  4 frilled lizards
  14 rats
97 creatures vanquished.

Notes
Turn   | Place    | Note
-------+----------+-------------------------------------------
     0 | D:1      | mopl the Hill Orc Monk began the quest for the Orb.
     0 | D:1      | Reached XP level 1. HP: 19/19 MP: 1/1
   145 | D:1      | Reached XP level 2. HP: 26/26 MP: 2/2
   215 | D:1      | Reached skill level 5 in Axes
   376 | D:1      | Reached XP level 3. HP: 24/31 MP: 3/3
   809 | D:1      | Reached skill level 6 in Axes
  1052 | D:2      | Reached XP level 4. HP: 38/39 MP: 4/4
  1059 | D:2      | Reached skill level 1 in Evocations
  1534 | D:2      | Found a sacrificial altar of Ru.
  1539 | D:2      | Noticed Terence
  1541 | D:2      | Found a glowing silver altar of Zin.
  1562 | D:2      | Killed Terence
  1562 | D:2      | Reached skill level 2 in Evocations
  1562 | D:2      | Reached XP level 5. HP: 40/45 MP: 6/6
  1566 | D:2      | Found a hide-covered altar of Uskayaw.
  1982 | D:3      | Found a radiant altar of Vehumet.
  2169 | D:3      | Reached skill level 7 in Axes
  2375 | D:3      | Reached skill level 3 in Evocations
  2375 | D:3      | Reached XP level 6. HP: 50/51 MP: 8/8
  2734 | D:4      | Found an iron altar of Okawaru.
  3441 | D:4      | Reached skill level 8 in Axes
  3663 | D:4      | Mangled by an ogre

Levels and vault maps discovered:
D:1:      minmay_arrival_radiant_lines, layout_basic, nrook_mini_vaults
D:2:      layout_loops_cross, minmay_overflow_temple_star_quad, uniq_terence
D:3:      minmay_roachtagon, layout_rooms, vehumet_crystals
D:4:      layout_rooms, okawaru_ov_weapons_minmay, first_ration,
          roderic_lattice_a

Skill      XL: |  1  2  3  4  5  6 |
---------------+-------------------+-----
Axes           | 5 6 7 8 |  8.4
Evocations     | 2 3 |  3.0
Fighting       | |  3.6
Dodging        | |  2.4
Stealth        | |  1.5

Action                   |  1- 3 |  4- 6 || total
-------------------------+-------+-------++-------
Melee: Hand axe          |   108 |   254 ||   362
 Abil: Evoke Berserk Rag |     1 |     2 ||     3
  Use: Scroll            |       |     3 ||     3
  Eat: Chunk             |     1 |    10 ||    11
Armor: Ring mail         |    22 |       ||    22
       Chain mail        |       |   141 ||   141
Dodge: Dodged            |    63 |    92 ||   155

Table legend:
 A = Non-vault XP
 B = Vault XP
 C = Vault XP percentage of total XP
 D = Non-vault monster count
 E = Vault monster count
 F = Vault count percentage of total count
                 A         B        C        D         E       F
            +---------+---------+-------+---------+---------+-------
      Total |     443 |      56 |  11.2 |      86 |      11 |  11.3
            +---------+---------+-------+---------+---------+-------
        D:1 |      74 |       0 |   0.0 |      25 |       0 |   0.0
        D:2 |      75 |      36 |  32.4 |      27 |       1 |   3.6
        D:3 |     157 |      20 |  11.3 |      30 |      10 |  25.0
        D:4 |     137 |       0 |   0.0 |       4 |       0 |   0.0
            +---------+---------+-------+---------+---------+-------
